 Dungeon Crawl Stone Soup version 0.27-a0-103-g6cd7b45605 (webtiles) character file.

Game seed: 17805810001658611313

389 Ishchenko the Chopper (level 6, -9/79 HPs)
             Began as a Hill Orc Fighter on Jan 23, 2021.
             Was an Initiate of Okawaru.
             Killed by nerve-wracking pain
             ... invoked by an orc priest
              (13 damage)
             ... on level 3 of the Dungeon.
             The game lasted 00:08:05 (3744 turns).

Ishchenko the Chopper (Hill Orc Fighter)            Turns: 3744, Time: 00:08:07

Health: -9/79      AC:  8    Str: 18 (20) XL:     6   Next: 79%
Magic:  6/6        EV:  7    Int:  5 (8)  God:    Okawaru [......]
Gold:   252        SH:  9    Dex:  9 (11) Spells: 5/5 levels left

rFire    . . .     SeeInvis .   a - +0 war axe
rCold    . . .     Faith    .   c - +0 kite shield
rNeg     . . .     Spirit   .   b - +0 scale mail
rPois    .         Reflect  .   (no helmet)
rElec    .         Harm     .   s - +0 cloak
rCorr    .         Rampage  .   (no gloves)
Will     .....                  (no boots)
Stlth    ..........             (no amulet)
HPRegen  0.23/turn              (no ring)
MPRegen  0.10/turn              (no ring)

@: berserking, lethally poisoned (-9 -> -9), very quick
A: no striking features
a: Renounce Religion, Convert to Beogh


You were on level 3 of the Dungeon.
You worshipped Okawaru.
Okawaru was noncommittal.
You visited 1 branch of the dungeon, and saw 4 of its levels.

You collected 252 gold pieces.

Inventory:

Hand Weapons
 a - a +0 war axe (weapon)
Armour
 b - a +0 scale mail (worn)
 c - a +0 kite shield (worn)
 s - a +0 cloak (worn)
Wands
 q - a wand of digging (7)
 w - a wand of paralysis (9)
Scrolls
 g - a scroll of noise {unknown}
 h - 2 scrolls of amnesia {unknown}
 i - 3 scrolls of remove curse {unknown}
 k - 3 scrolls of enchant armour {unknown}
 n - 2 scrolls of magic mapping {unknown}
 o - a scroll of enchant weapon {unknown}
 p - 3 scrolls of identify {unknown}
 x - a scroll of teleportation {unknown}
 y - a scroll of blinking {unknown}
 z - a scroll of immolation {unknown}
Potions
 f - a potion of degeneration
 j - a potion of lignification {unknown}
 m - 2 potions of mutation {unknown}
 r - a potion of magic {unknown}
 t - a potion of curing {unknown}
 u - a potion of attraction {unknown}
 v - a potion of flight {unknown}


   Skills:
 + Level 4.4 Fighting
 + Level 6.5 Axes
 + Level 4.4 Armour
 + Level 0.7 Dodging
 + Level 0.1 Stealth
 + Level 4.7 Shields


You had 5 spell levels left.
You didn't know any spells.
Your spell library was empty.

Dungeon Overview and Level Annotations

Branches:
Dungeon (4/15)
 Temple: D:4-7

Altars:
Cheibriados
Dithmenos
Elyvilon
Fedhas
Gozag
Kikubaaqudgha
Okawaru
Uskayaw
Wu Jian
Yredelemnul


Message History

The worker ant is moderately wounded.
You feel sick. The worker ant barely misses you. The worker ant bites you.
* * * LOW HITPOINT WARNING * * *
The orc priest invokes the aid of Beogh against you.
Beogh smites you!
* * * LOW HITPOINT WARNING * * *
It was a potion of berserk rage.
A red film seems to cover your vision as you go berserk!
You feel yourself moving faster!
You feel mighty! You block the worker ant's attack.
Your shield prevents you from hitting the worker ant.
The worker ant is moderately wounded.
The worker ant misses you.
You slice the worker ant!!
You kill the worker ant!
Okawaru accepts your kill.
You feel sick.
The orc priest calls down the wrath of Beogh upon you.
Pain shoots through your body!
You die...

.#........#...#######.#......#
.##...######.## ##...#####
####.## #...# ##.####### #.#
#[### #.......# ####.# #.#
#########.......# .....# #.#
#...............# ###### #.#
#.o...o.........### #.#
##†######.........# #.# #@#
#....>>.#.# #.# #.# #..........
#.# #.############....
##########.# #........# #....
...........#####.####...## #.#.#
####)..#####.....###.....## #.#.#
####...#####..............###.#.#
#.............................#.#
.............÷............#####<#


You could see an orc priest.

Vanquished Creatures
  A hound (D:3)
  An orc priest (D:4)
  Crazy Yiuf (D:2)
  An orc wizard (D:3)
  An iguana (D:4)
  Jessica (D:2)
  A worker ant (D:3)
  A worker ant zombie (D:4)
  9 adders
  3 oozes
  An adder zombie (D:4)
  2 adder skeletons (D:4)
  2 worms
  2 dart slugs
  13 orcs
  3 ball pythons (D:3)
  3 giant cockroaches
  6 goblins
  4 hobgoblins
  4 jackals (D:3)
  A quokka (D:3)
  A ball python skeleton (D:4)
  A ball python zombie (D:4)
  6 bats
  4 frilled lizards
  A giant cockroach zombie (D:4)
  A jackal skeleton (D:3)
  7 kobolds
  12 rats
94 creatures vanquished.

Vanquished Creatures (others)
  3 plants (D:2)
  A withered plant (D:4)
4 creatures vanquished.

Grand Total: 98 creatures vanquished

Notes
Turn   | Place    | Note
-------+----------+-------------------------------------------
     0 | D:1      | Ishchenko the Hill Orc Fighter began the quest for the Orb.
     0 | D:1      | Reached XP level 1. HP: 19/19 MP: 1/1
   115 | D:1      | Reached skill level 3 in Axes
   178 | D:1      | Reached XP level 2. HP: 27/27 MP: 2/2
   427 | D:1      | Reached XP level 3. HP: 33/33 MP: 3/3
   860 | D:2      | Found a hide-covered altar of Uskayaw.
   881 | D:2      | Reached skill level 4 in Axes
  1015 | D:2      | Reached XP level 4. HP: 27/40 MP: 4/4
  1043 | D:2      | Noticed Jessica
  1054 | D:2      | Killed Jessica
  1442 | D:2      | Found a runed translucent door.
  1443 | D:2      | Noticed Crazy Yiuf
  1646 | D:2      | Killed Crazy Yiuf
  1647 | D:2      | Reached skill level 5 in Axes
  1647 | D:2      | Reached XP level 5. HP: 25/46 MP: 5/5
  2359 | D:3      | Reached XP level 6. HP: 34/52 MP: 6/6
  2488 | D:3      | Reached skill level 6 in Axes
  2745 | D:3      | Found a blossoming altar of Fedhas.
  2767 | D:3      | Found an opulent altar of Gozag.
  2773 | D:3      | Found a basalt altar of Yredelemnul.
  2773 | D:3      | Found a white marble altar of Elyvilon.
  2773 | D:3      | Found an iron altar of Okawaru.
  2774 | D:3      | Found a snail-covered altar of Cheibriados.
  2775 | D:3      | Found an ornate altar of the Wu Jian Council.
  2777 | D:3      | Found an ancient bone altar of Kikubaaqudgha.
  2778 | D:3      | Found a shadowy altar of Dithmenos.
  2831 | D:3      | Became a worshipper of Warmaster Okawaru
  3744 | D:3      | Killed from afar by an orc priest

Illustrated notes

Levels and vault maps discovered:
D:1:      dpeg_arrival_three_bigger_balls, layout_basic,
          chequers_serial_rivers_micro_d
D:2:      layout_rooms, overflow_temple_1_default, serial_bayou_pond_a,
          serial_bayou_pond_c, uniq_jessica, uniq_crazy_yiuf_cottage
D:3:      layout_loops_ring, minitemple, minmay_misc_feat_plants
D:4:      layout_cave_pools, serial_undead, serial_undead_c, serial_undead_a,
          serial_undead_d, serial_undead_c

Skill      XL: |  1  2  3  4  5  6 |
---------------+-------------------+-----
Axes           | 3 4 5 6 |  6.5
Fighting       | 4 |  4.4
Armour         | 4 |  4.4
Shields        | 4 |  4.7
Dodging        | |  0.7
Stealth        | |  0.1

Action                   |  1- 3 |  4- 6 || total
-------------------------+-------+-------++-------
Melee: War axe           |    88 |   259 ||   347
  Use: Potion            |       |     6 ||     6
Armor: Scale mail        |    40 |   129 ||   169
Dodge: Dodged            |    29 |    82 ||   111
Block: Kite shield       |    50 |   162 ||   212

Table legend: (Time is in decaauts)
 A = Elapsed time spent in this place.
 B = Non-inter-level travel time spent in this place.
 C = Inter-level travel time spent in this place.
 D = Time resting spent in this place.
 E = Time spent auto-exploring this place.
 F = Levels seen in this place.
 G = Mean time per level.
                   A        B        C        D        E       F      G
               +--------+--------+--------+--------+--------+-----+--------+
         Total |   3865 |   3825 |     40 |    882 |   2142 |   4 |  966.2 |
       Dungeon |   3865 |   3825 |     40 |    882 |   2142 |   4 |  966.2 |
               +--------+--------+--------+--------+--------+-----+--------+

Top non-repeatable levels by time:
     D:3: 1162 daAuts
     D:2: 1060 daAuts
     D:1: 879 daAuts
     D:4: 762 daAuts
